 Dungeon Crawl Stone Soup version 0.30.1-11-g7821555f0a (webtiles) character file.

Game seed: 1247048458715350951

87 bnorton916 the Conjurer (level 4, -1/24 HPs)
             Began as a Deep Elf Conjurer on Dec 14, 2023.
             Slain by an iguana (13 damage)
             ... on level 3 of the Dungeon.
             The game lasted 00:03:53 (2747 turns).

bnorton916 the Conjurer (Deep Elf Conjurer)         Turns: 2747, Time: 00:03:53

Health: -1/24      AC:  2    Str:  4    XL:     4   Next: 28%
Magic:  6/12       EV: 12    Int: 25    God:
Gold:   108        SH:  0    Dex: 13    Spells: 1/12 levels left

rFire   . . .        (no weapon)
rCold   . . .        (no shield)
rNeg    . . .        a - +0 robe
rPois   .            (no helmet)
rElec   .            (no cloak)
rCorr   .            (no gloves)
SInv    .            (no boots)
Will    .....        (no amulet)
Stlth   ++           (no ring)
HPRegen 0.24/turn    (no ring)
MPRegen 0.13/turn

%: no passive effects
@: no status effects
A: no striking features
a: no special abilities


You were on level 3 of the Dungeon.
You visited 1 branch of the dungeon, and saw 3 of its levels.

You collected 108 gold pieces.

Inventory:

Missiles
 d - 5 poisoned darts
Armour
 a - a +0 robe (worn)
Scrolls
 f - a scroll of fear {unknown}
 g - a scroll of noise {unknown}
 i - 3 scrolls of magic mapping {unknown}
 j - 5 scrolls of identify {unknown}
 k - a scroll of poison {unknown}
 l - a scroll of vulnerability {unknown}
 m - a scroll of amnesia {unknown}
 o - a scroll of teleportation {unknown}
 q - a scroll of enchant armour {unknown}
Potions
 b - 2 potions of magic
 c - 2 potions of curing
 e - a potion of degeneration {unknown}
 h - a potion of berserk rage {unknown}
 n - a potion of cancellation {unknown}
 p - a potion of ambrosia {unknown}


   Skills:
 - Level 2.4 Dodging
 - Level 2.4 Stealth
 + Level 4.9 Spellcasting
 + Level 5.4 Conjurations


You had one spell level left.
You knew the following spells:

 Your Spells              Type           Power      Damage    Failure   Level
a - Magic Dart            Conj           100%       1d8       1%          1
b - Searing Ray           Conj           66%        2d6       1%          2
c - Fulminant Prism       Conj/Hex       9%         3d7       26%         4
d - Iskenderun's Mystic   Conj/Tloc      19%        2d6       26%         4

Your spell library contained the following spells:

 Spells                   Type           Power      Damage    Failure   Level
 Dazzling Flash           Conj/Hex       38%        N/A       9%          3
 Call Canine Familiar     Summ           6%         N/A       26%         3
 Portal Projectile        Hex/Tloc       12%        N/A       26%         3
 Leda's Liquefaction      Hex/Erth       3%         N/A       63%         4


Dungeon Overview and Level Annotations

Branches:
Dungeon (3/15)

Altars:

Shops:
D:1 (

Annotations:
D:3 Sigmund


Message History

An iguana comes into view.
An iguana is nearby!
Casting: Magic Dart (safe; 1% risk of failure)
Confirm with . or Enter, or press ? or * to list all spells.
Aiming: Magic Dart (safe; 1% risk of failure)
Press: ? - help, Shift-Dir - straight line, f - iguana
Aim: an iguana (asleep, 100% to hit)
The magic dart hits the iguana.
The iguana is lightly wounded.
The iguana hisses angrily.
Casting: Magic Dart (safe; 1% risk of failure)
Confirm with . or Enter, or press ? or * to list all spells.
Aiming: Magic Dart (safe; 1% risk of failure)
Press: ? - help, Shift-Dir - straight line, f/p - iguana
Aim: an iguana (lightly wounded, 100% to hit)
The magic dart hits the iguana!
The iguana is heavily wounded.
Casting: Magic Dart (safe; 1% risk of failure)
Confirm with . or Enter, or press ? or * to list all spells.
Aiming: Searing Ray (safe; 1% risk of failure)
Press: ? - help, Shift-Dir - straight line, f/p - iguana
Aim: an iguana (heavily wounded, 83% to hit)
The searing ray hits the iguana.
The iguana is heavily wounded. (Press . to maintain the ray.)
Casting: Searing Ray (safe; 1% risk of failure)
Confirm with . or Enter, or press ? or * to list all spells.
Restarting spell: Searing Ray (safe; 1% risk of failure)
Press: ? - help, Shift-Dir - straight line, f/p - iguana
Aim: an iguana (heavily wounded, 83% to hit)
The searing ray hits the iguana.
The iguana is severely wounded. (Press . to maintain the ray.)
The iguana bites you!
Ouch! That really hurt!
The searing ray hits the iguana.
The iguana is almost dead.
The iguana bites you!
Ouch! That really hurt!
You die...

########.
#........ #.# #l#
#@#
#.################
#.................
#.################
###


You could see an iguana.

Vanquished Creatures
  2 adders (D:2)
  2 dart slugs
  An orc (D:3)
  5 ball pythons (D:2)
  7 bats
  3 endoplasms
  5 goblins
  7 hobgoblins
  8 jackals
  6 quokkas
  2 kobolds
  5 rats
53 creatures vanquished.

Vanquished Creatures (others)
  4 fulminant prisms (D:3)
4 creatures vanquished.

Grand Total: 57 creatures vanquished

Notes
Turn   | Place    | Note
-------+----------+-------------------------------------------
     0 | D:1      | bnorton916 the Deep Elf Conjurer began the quest for the
                  | Orb.
     0 | D:1      | Reached XP level 1. HP: 10/10 MP: 6/6
   177 | D:1      | Reached XP level 2. HP: 13/15 MP: 1/8
   180 | D:1      | Learned a level 2 spell: Searing Ray
   775 | D:1      | Found Roparuj's Weapon Shoppe.
  1053 | D:1      | Reached skill level 5 in Conjurations
  1053 | D:1      | Reached XP level 3. HP: 17/19 MP: 7/10
  1667 | D:2      | Reached XP level 4. HP: 24/24 MP: 8/12
  2264 | D:3      | Noticed Sigmund
  2273 | D:3      | Learned a level 4 spell: Fulminant Prism
  2278 | D:3      | Learned a level 4 spell: Iskenderun's Mystic Blast
  2747 | D:3      | Slain by an iguana

Illustrated notes

Levels and vault maps discovered:
D:1:      dpeg_arrival_central, layout_basic, serial_shops,
          nicolae_shop_bloodbath_and_beyond, minmay_tiny_reverse_x
D:2:      layout_basic, kennysheep_generic_room_10
D:3:      layout_basic, ashenzari_conservatory_becter, lemuel_doored_altar,
          chequers_temple_overflow_minitemple, serial_corexii_hall,
          corexii_hall_statues_x, corexii_hall_statues_s,
          kennysheep_generic_room_16, uniq_sigmund, uniq_ijyb, uniq_robin

Skill      XL: |  1  2 |
---------------+-------+-----
Spellcasting   | 4 |  4.9
Conjurations   | 5 |  5.4
Dodging        | |  2.4
Stealth        | |  2.4

Action                     |  1- 3 |  4- 6 || total
---------------------------+-------+-------++-------
   Cast: Magic Dart        |    75 |    22 ||    97
         Searing Ray       |     4 |     4 ||     8
         Fulminant Prism   |       |     4 ||     4
    Use: Potion            |       |     1 ||     1
 Armour: Robe              |     5 |       ||     5
  Dodge: Dodged            |     7 |     3 ||    10
